 Dungeon Crawl Stone Soup version 0.28-a0-474-g535839065c (webtiles) character file.

Game seed: 3693916102820769271

61 TrogsFancyHat the Chopper (level 4, 0/41 HPs)
             Began as a Hill Orc Monk on Sept 15, 2021.
             Succumbed to a scorpion's poison
             ... on level 3 of the Dungeon.
             The game lasted 00:02:04 (2089 turns).

TrogsFancyHat the Chopper (Hill Orc Monk)           Turns: 2089, Time: 00:02:05

Health: 0/41       AC:  5    Str: 14    XL:     4   Next: 7%
Magic:  4/4        EV: 11    Int: 10    God:
Gold:   104        SH:  0    Dex: 13    Spells: 3/3 levels left

rFire   . . .      SeeInvis .   a - +0 hand axe
rCold   . . .      Faith    .   (no shield)
rNeg    . . .      Spirit   +   f - +0 ring mail
rPois   .          Reflect  .   (no helmet)
rElec   .          Harm     .   (no cloak)
rCorr   .          Rampage  .   (no gloves)
Will    .....                   (no boots)
Stlth   +.........              d - amulet of guardian spirit
HPRegen 0.13/turn               (no ring)
MPRegen 0.09/turn               (no ring)

@: lethally poisoned (0 -> -8)
A: no striking features
a: no special abilities


You were on level 3 of the Dungeon.
You visited 1 branch of the dungeon, and saw 3 of its levels.

You collected 104 gold pieces.

Inventory:

Hand Weapons
 a - a +0 hand axe (weapon)
Armour
 f - a +0 ring mail (worn)
Jewellery
 d - an amulet of guardian spirit (around neck)
Scrolls
 b - a scroll of identify {unknown}
 g - a scroll of teleportation {unknown}
 h - 3 scrolls of amnesia {unknown}
Potions
 c - a potion of might {unknown}
 e - 2 potions of curing {unknown}


   Skills:
 + Level 4.4 Fighting
 + Level 4.9 Axes
 + Level 3.0 Dodging
 - Level 1.5 Stealth


You had 3 spell levels left.
You didn't know any spells.
Your spell library contained the following spells:

 Spells                   Type           Power      Damage    Failure   Level
 Blink                    Tloc           N/A        N/A       75%         2
 Call Canine Familiar     Summ           0%         N/A       93%         3
 Portal Projectile        Hex/Tloc       0%         N/A       93%         3
 Leda's Liquefaction      Hex/Erth       0%         N/A       100%        4
 Manifold Assault         Tloc           0%         N/A       100%        5
 Storm Form               Tmut/Air       0%         N/A       100%        7


Dungeon Overview and Level Annotations

Branches:
Dungeon (3/15)

Altars:


Message History

You are too injured to fight recklessly!
You are too injured to fight recklessly!
You are too injured to fight recklessly!
You are too injured to fight recklessly!
You are too injured to fight recklessly!
You are too injured to fight recklessly!
You are too injured to fight recklessly!
You are too injured to fight recklessly!
You are too injured to fight recklessly!
You are too injured to fight recklessly!
You are too injured to fight recklessly!
You are too injured to fight recklessly!
You are too injured to fight recklessly!
You are too injured to fight recklessly!
You are too injured to fight recklessly!
You are too injured to fight recklessly!
You are too injured to fight recklessly!
You are too injured to fight recklessly!
You are too injured to fight recklessly!
You hit the scorpion but do no damage.
* * * LOW HITPOINT WARNING * * *
You feel very sick. The scorpion closely misses you. x2
You hit the scorpion but do no damage.
* * * LOW HITPOINT WARNING * * *
You feel very sick.
The scorpion stings you but does no damage.
You hit the scorpion.
The scorpion is lightly wounded.
* * * LOW HITPOINT WARNING * * *
You feel very sick. The scorpion barely misses you.
You closely miss the scorpion.
The scorpion is lightly wounded.
* * * LOW HITPOINT WARNING * * *
You feel sick.
The scorpion stings you but does no damage.
You hit the scorpion.
The scorpion is moderately wounded.
You die...

...# #..#
#..# #..
#.. #.# #
#s#
###.###@#
........#
##......#
######.#
#.# #.#
####.##
#.#
#.....#
#.#
#.....##
#.#
#......#
#.#


You could see a scorpion.

Vanquished Creatures
  An adder (D:2)
  A dart slug (D:1)
  5 endoplasms
  2 giant cockroaches (D:1)
  3 goblins (D:1)
  7 hobgoblins
  4 jackals
  8 ball pythons
  4 bats (D:1)
  6 frilled lizards
  A kobold (D:2)
  5 rats
47 creatures vanquished.

Notes
Turn   | Place    | Note
-------+----------+-------------------------------------------
     0 | D:1      | TrogsFancyHat the Hill Orc Monk began the quest for the
                  | Orb.
     0 | D:1      | Reached XP level 1. HP: 19/19 MP: 1/1
    39 | D:1      | Reached XP level 2. HP: 16/27 MP: 2/2
   832 | D:1      | Reached XP level 3. HP: 30/33 MP: 3/3
  1721 | D:2      | Reached XP level 4. HP: 40/41 MP: 4/4
  2077 | D:3      | Noticed a scorpion
  2088 | D:3      | HP: 2/41 [poisoned by a scorpion]
  2089 | D:3      | Succumbed to a scorpion's poison

Illustrated notes

Levels and vault maps discovered:
D:1:      psy_arrival_statuary, layout_basic
D:2:      layout_loops_ring, serial_park_tiny_pond, serial_bayou_crossing
D:3:      layout_basic, okawaru_metal_pillars_1_2, lemuel_doored_altar,
          gammafunk_ghost_grave, minmay_misc_feat_tiny,
          kennysheep_generic_room_6

Skill      XL: |  1  2  3 |
---------------+----------+-----
Fighting       | 4 |  4.4
Dodging        | 3 |  3.0
Axes           | |  4.9
Stealth        | |  1.5

Action                   |  1- 3 |  4- 6 || total
-------------------------+-------+-------++-------
Melee: Hand axe          |   124 |    17 ||   141
 Stab: Sleeping          |     2 |       ||     2
Armor: Robe              |    14 |       ||    14
       Ring mail         |    18 |     3 ||    21
Dodge: Dodged            |    88 |     9 ||    97

Table legend: (Time is in decaauts)
 A = Elapsed time spent in this place.
 B = Non-inter-level travel time spent in this place.
 C = Inter-level travel time spent in this place.
 D = Time resting spent in this place.
 E = Time spent auto-exploring this place.
 F = Levels seen in this place.
 G = Mean time per level.
                   A        B        C        D        E       F      G
               +--------+--------+--------+--------+--------+-----+--------+
         Total |   2110 |   2041 |     69 |      0 |   1699 |   3 |  703.3 |
       Dungeon |   2110 |   2041 |     69 |      0 |   1699 |   3 |  703.3 |
               +--------+--------+--------+--------+--------+-----+--------+

Top non-repeatable levels by time:
     D:1: 1229 daAuts
     D:2: 775 daAuts
     D:3: 105 daAuts
